 Dungeon Crawl Stone Soup version 0.15-a0-1206-g3bad1a6 (webtiles) character file.

237 Arvee the Sneak (level 6, 0/42 HPs)
             Began as a Halfling Assassin on June 1, 2014.
             Slain by an orc
             ... wielding a +0,+0 club
              (4 damage)
             ... on Level 4 of the Dungeon.
             The game lasted 00:15:38 (3410 turns).

Arvee the Sneak (Halfling Assassin)                 Turns: 3410, Time: 00:15:38

HP   0/42        AC  9     Str  8      XL: 6   Next: 28%
MP   6/6         EV 17     Int 11      God:
Gold 148         SH  0     Dex 20      Spells:  0 memorised,  5 levels left

rFire  . . .     SeeInvis .     x - +0,+1 dagger (protect)
rCold  . . .     Clarity  .     c - +0 robe
rNeg   . . .     rCorr    .     (no shield)
rPois  .         rRot     .     s - +0 helmet
rElec  .         Spirit   .     d - +0 cloak
SustAb .         Warding  .     (no gloves)
rMut   .         Stasis   .     (no boots)
Gourm  .                        (no amulet)
MR     .....                    (no ring)
                                (no ring)

@: not resistant to hostile enchantments, stealthy
A: mutation resistance 1
a: no special abilities


You were on level 4 of the Dungeon.
You were hungry.

You visited 1 branch of the dungeon, and saw 4 of its levels.

You collected 148 gold pieces.

Inventory:

Hand weapons
 a - a +2,+2 dagger
 b - a +0 blowgun
 x - a +0,+1 dagger of protection (weapon)
Missiles
 e - 11 poisoned needles
 f - 2 curare-tipped needles
 v - 2 tomahawks (quivered)
Armour
 c - a +0 robe (worn)
 d - a +0 cloak (worn)
 s - a +0 helmet (worn)
Magical devices
 D - a wand of slowing (3)
Comestibles
 g - 2 bread rations
 i - a beef jerky
 k - a meat ration
 E - a royal jelly
 F - a rotting chunk of jackal flesh
Scrolls
 h - 4 scrolls of blinking {unknown}
 l - a scroll of immolation {unknown}
 m - a scroll of noise {unknown}
 p - 2 scrolls of identify {unknown}
 r - 2 scrolls of random uselessness {unknown}
 y - 2 scrolls of teleportation {unknown}
 z - a scroll of remove curse {unknown}
 C - 2 scrolls of enchant weapon II {unknown}
Potions
 j - 4 potions of curing
 n - a potion of restore abilities
 o - a potion of flight {unknown}
 q - a potion of paralysis {unknown}
 t - 2 potions of magic {unknown}
 u - a potion of poison {unknown}
 w - 4 potions of heal wounds {unknown}
 A - a potion of mutation {unknown}
 B - a potion of berserk rage {unknown}
 G - a potion of invisibility {unknown}


   Skills:
 + Level 3.2 Fighting
 + Level 4.5 Short Blades
 - Level 2.6 Throwing
 + Level 3.3 Dodging
 + Level 5.0 Stealth


You had 5 spell levels left.
You didn't know any spells.

Dungeon Overview and Level Annotations

Branches:
Dungeon (4/15)
 Temple: D:4-7

Altars:
Yredelemnul

Annotations:
D:3 ghwc's ghost, average HuWz


Innate Abilities, Weirdness & Mutations

You are small and have problems with some larger weapons.
You are somewhat resistant to further mutation.


Message History

You hit something.
You hear some strange, mumbled words.
You are confused.
The orc hits you but does no damage.
You hit something. Something hits you.
* * * LOW HITPOINT WARNING * * *
Ouch! The orc completely misses you.
You hear some strange, mumbled words.
The puff of flame misses you.
Ouch! The orc hits you with a club.
* * * LOW HITPOINT WARNING * * *
Something barely misses you. The orc hits you but does no damage.
Something hits you.
* * * LOW HITPOINT WARNING * * *
Items here: %%%%% )) [[ Ouch!
The orc closely misses you. Something hits you but does no damage.
You miss something.
You feel less confused. The orc hits you with a club.
You die...

#..# #..# #..#
#######..#
#......ho#
#.#####h## #.# #{#
.#.#######.#####.#
........%...@.##.#
#############o...#
######


You could see an orc.

Vanquished Creatures
  An orc wizard (D:4)
  Jessica (D:3)
  Terence (D:3)
  6 adders
  5 worms
  2 giant geckos (D:1)
  2 orcs
  3 giant cockroaches
  15 goblins
  7 hobgoblins
  11 jackals
  12 kobolds
  An ooze (D:1)
  2 quokkas (D:2)
  7 bats
  4 giant newts
  10 rats
90 creatures vanquished.

Vanquished Creatures (others)
  An orc wizard (D:4)
1 creature vanquished.

Grand Total: 91 creatures vanquished

Notes
Turn   | Place    | Note
--------------------------------------------------------------
     0 | D:1      | Arvee, the Halfling Assassin, began the quest for the Orb.
     0 | D:1      | Reached XP level 1. HP: 14/14 MP: 1/1
   118 | D:1      | Reached XP level 2. HP: 16/19 MP: 2/2
   263 | D:1      | Reached XP level 3. HP: 13/24 MP: 3/3
  1074 | D:2      | Found a basalt altar of Yredelemnul.
  1107 | D:2      | Reached XP level 4. HP: 28/30 MP: 4/4
  1857 | D:3      | Reached XP level 5. HP: 33/36 MP: 5/5
  1994 | D:3      | Noticed Terence
  2012 | D:3      | Killed Terence
  2404 | D:3      | Noticed ghwc's ghost (average HuWz)
  2808 | D:3      | Noticed Jessica
  2819 | D:3      | Killed Jessica
  2864 | D:3      | Reached XP level 6. HP: 25/42 MP: 6/6
  3401 | D:4      | Reached skill level 5 in Stealth
  3410 | D:4      | Slain by an orc

Action                   |  1- 3 |  4- 6 || total
-------------------------+-------+-------++-------
Melee: Dagger            |   110 |   259 ||   369
 Fire: Blowgun           |       |    28 ||    28
Throw: Tomahawk          |    11 |     8 ||    19
  Use: Potion            |       |     2 ||     2
 Stab: Sleeping          |     6 |    12 ||    18
       Distracted        |     1 |     1 ||     2
